Map: Orbital Shipyard

Players

MorN

  • Race: Protoss Protoss
  • League: Master

JevynSlayer - Winner!

  • Race: Terran Terran
  • League: Platinum

VOD

Have the link to the VOD?

Description

Time

  • Played on: Nov. 17, 2015, 11:17 p.m.
  • Length: 11:11
Show
View Real Time Build Order
Export as new Build Order

MorN Protoss 

Build Orders: Oracle Opening 

Get SALT Encoding   

  12  0:04  Probe (Chrono Boost)  
  13  0:14  Pylon  
  13  0:19  Probe (Chrono Boost)  
  14  0:29  Probe (Chrono Boost)  
  14  0:35  Gateway  
  15  0:43  Assimilator  
  15  0:44  Probe (Chrono Boost)  
  16  0:56  Probe (Chrono Boost)  
  17  0:57  Assimilator  
  17  1:07  Probe (Chrono Boost)  
  18  1:17  Probe (Chrono Boost)  
  19  1:24  Cybernetics Core  
  19  1:28  Probe (Chrono Boost)  
  20  1:40  Probe (Chrono Boost)  
  21  1:50  Pylon  
  21  1:52  Probe (Chrono Boost)  
  22  2:05  Probe (Chrono Boost)  
  23  2:12  Nexus  
  23  2:16  Probe (Chrono Boost)  
  23  2:22  Adept  
  26  2:35  Pylon  
  27  2:37  Probe (Chrono Boost)  
  27  2:38  Warp Gate (Chrono Boost)  
  27  2:47  Probe (Chrono Boost)  
  28  2:58  Adept  
  30  3:02  Stargate  
  30  3:05  Probe  
  31  3:19  Mothership Core  
  33  3:23  Probe  
  34  3:33  Probe  
  34  3:40  Probe  
  36  3:44  Probe  
  36  3:47  Oracle (Chrono Boost)  
  40  3:52  Probe  
  40  3:54  Probe  
  41  3:56  Gateway  
  41  3:59  Pylon  
  42  4:03  Gateway  
  42  4:10  Gateway  
  42  4:11  Probe  
  42  4:13  Probe  
  42  4:25  Probe  
  42  4:29  Probe  
  44  4:37  Probe  
  45  4:39  Probe  
  46  4:48  Pylon  
  46  4:49  Probe, Pylon  
  46  4:50  Probe  
  46  4:52  Gateway  
  48  4:54  Gateway  
  48  4:55  Pylon  
  48  4:59  Stalker  
  50  5:07  Pylon  
  50  5:08  Pylon  
  50  5:19  Twilight Council  
  50  5:26  Probe  
  50  5:27  Robotics Facility  
  51  5:29  Pylon  
  51  5:31  Assimilator  
  51  5:32  Pylon  
  51  5:36  Assimilator  
  48  5:44  Probe  
  48  5:46  Pylon  
  48  5:48  Stalker  
  48  5:49  Stalker x3  
  57  5:57  Gateway  
  57  6:01  Gateway, Forge  
  57  6:05  Stalker x2  
  57  6:10  Blink (Chrono Boost)  
  61  6:17  Pylon  
  59  6:18  Stalker  
  61  6:29  Stalker  
  61  6:30  Stalker x2  
  67  6:36  Observer  
  67  6:39  Stalker x2  
  55  6:58  Observer  
  54  7:05  Stalker x3  
  54  7:06  Stalker  
  62  7:12  Probe  
  62  7:14  Probe (Chrono Boost)  
  62  7:22  Pylon  
  62  7:25  Probe (Chrono Boost)  
  62  7:26  Probe (Chrono Boost)  
  64  7:35  Probe  
  65  7:37  Probe  
  64  7:45  Probe  
  64  7:48  Stalker  
  64  7:49  Probe  
  48  7:57  Stalker x2  
  52  8:06  Stalker x2  
  56  8:17  Pylon  
  56  8:20  Stalker x2  
  59  8:27  Probe  
  59  8:28  Probe  
  61  8:37  Probe  
  61  8:40  Probe  
  61  8:46  Stalker  
  61  8:47  Stalker x4  
  54  9:14  Stalker x4  
  60  9:22  Stalker  
  60  9:23  Stalker x4  
  62  9:29  Probe  
  63  9:41  Stalker x2  
  41  10:00  Stalker x2  
  41  10:01  Stalker  
  45  10:10  Stalker  
  40  10:33  Stalker x2  
  40  10:34  Stalker x2  
  38  10:53  Stalker x2  
  38  10:54  Stalker  
Show
View Real Time Build Order
Export as new Build Order

JevynSlayer Terran - Winner!

Build Orders: MMM Bio 

Get SALT Encoding   

  12  0:01  SCV  
  13  0:13  SCV  
  14  0:18  Supply Depot  
  14  0:25  SCV  
  15  0:40  SCV  
  16  0:44  Barracks  
  16  0:52  SCV  
  17  1:04  SCV  
  18  1:16  SCV  
  19  1:18  Command Center  
  19  1:32  Marine, Orbital Command  
  20  1:44  Refinery  
  20  1:45  Refinery  
  20  1:48  Supply Depot  
  20  1:51  Marine  
  21  1:57  SCV  
  22  2:09  SCV  
  23  2:17  Barracks  
  23  2:21  SCV  
  24  2:27  Barracks Reactor  
  24  2:31  Orbital Command  
  24  2:34  SCV  
  25  2:39  Barracks  
  25  2:47  SCV  
  26  2:57  SCV  
  27  2:59  SCV  
  28  3:06  Barracks Tech Lab  
  28  3:07  Marine  
  28  3:09  SCV, Marine  
  31  3:14  SCV  
  32  3:21  SCV  
  32  3:22  Factory  
  32  3:25  Marine  
  32  3:26  SCV, Stimpack  
  35  3:27  Marine, Marauder  
  35  3:29  Barracks Tech Lab  
  38  3:40  Supply Depot x2  
  38  3:41  SCV x2  
  40  3:43  Marine  
  40  3:45  Marine  
  42  3:49  Combat Shields  
  42  3:53  SCV  
  42  3:54  SCV  
  44  4:07  Factory Reactor, Starport  
  44  4:13  Marauder x2  
  44  4:15  SCV  
  48  4:24  Command Center  
  48  4:25  SCV  
  48  4:28  Marine  
  50  4:38  SCV  
  51  4:48  Marine  
  51  4:49  Marauder x2, Marine  
  51  4:50  SCV  
  58  4:55  Engineering Bay  
  58  5:02  Supply Depot  
  58  5:05  Supply Depot  
  58  5:07  Supply Depot  
  58  5:08  SCV  
  58  5:10  Medivac  
  58  5:12  Concussive Shells  
  61  5:25  Missile Turret  
  61  5:28  Refinery  
  61  5:29  Marine, Missile Turret, Marauder x2  
  61  5:31  SCV  
  67  5:36  Terran Infantry Weapons Level 1  
  67  5:46  Orbital Command  
  67  5:48  SCV x2, Barracks  
  69  5:56  Marauder x2  
  73  6:00  SCV x2  
  75  6:11  Reaper, Marine  
  76  6:12  SCV x2  
  76  6:17  Marauder  
  76  6:18  Marauder  
  83  6:23  SCV  
  83  6:24  SCV  
  85  6:29  SCV  
  85  6:30  Factory Reactor  
  86  6:33  Missile Turret  
  86  6:35  SCV  
  86  6:36  SCV, Barracks Tech Lab, Barracks  
  86  6:38  Barracks, Marine  
  86  6:39  Marauder x2  
  93  6:41  SCV  
  93  6:43  Marine  
  94  6:56  Marine  
  94  7:00  Marine, Marauder x2  
  90  7:03  Medivac  
  90  7:04  Marauder  
  92  7:14  SCV, Marine  
  94  7:17  SCV x2  
  94  7:18  Refinery, Marine  
  94  7:22  Marauder x2  
  101  7:30  Barracks Reactor, Barracks Tech Lab  
  101  7:36  Marine x2  
  101  7:37  SCV x3, Marauder  
  108  7:38  Supply Depot  
  108  7:39  Command Center  
  108  7:40  Supply Depot  
  108  7:41  Supply Depot, Medivac  
  108  7:43  Marauder x2  
  101  7:54  Marine  
  101  7:57  Marauder, Marine  
  106  7:58  Marauder  
  106  8:00  SCV  
  106  8:04  Refinery, Marauder  
  106  8:05  Marauder  
  111  8:06  Marine x2  
  111  8:08  Barracks  
  111  8:11  Barracks  
  111  8:12  Marine  
  114  8:15  Marine  
  114  8:19  Marauder  
  119  8:20  Marauder  
  119  8:24  Marine x2  
  119  8:27  Marauder x2  
  125  8:30  Marine  
  125  8:33  Marine  
  127  8:40  Marine, Marauder  
  126  8:42  Marine x2  
  126  8:48  Marauder x2, Marine  
  129  8:50  Marine  
  130  8:59  Marine x2, Marauder  
  130  9:01  Marauder  
  126  9:05  Marine  
  126  9:08  Marine, Orbital Command  
  126  9:09  Marauder x2  
  120  9:10  Factory  
  120  9:15  Barracks Tech Lab x2  
  116  9:20  Marauder  
  116  9:23  Marauder  
  116  9:24  SCV  
  120  9:27  Marine x2  
  120  9:29  Widow Mine x2  
  120  9:30  Supply Depot, Medivac x2  
  120  9:31  Marauder x2  
  134  9:34  Marauder, Marine  
  134  9:38  Barracks  
  135  9:41  Barracks  
  135  9:42  Marauder  
  135  9:43  Engineering Bay, Barracks  
  135  9:44  Marauder  
  135  9:47  Armory  
  135  9:52  Marauder x2  
  123  9:55  Marine x4, Marauder  
  123  9:56  Marauder  
  123  10:00  Medivac  
  123  10:03  Marauder  
  123  10:06  Marauder  
  128  10:12  Refinery  
  128  10:13  Marine x3  
  128  10:14  Marauder x2  
  135  10:16  Marauder  
  135  10:31  Marauder x3  
  135  10:32  Marine  
  142  10:41  Marauder  
  129  10:51  Marine x3  
  129  10:52  Marine x5  
Tags
 
Add a new tag
Caveats
  • Supply blocks, unpowered buildings, or Contaminate may cause inaccurate times.
  • Supply counts are checked every 10 seconds.